 Dungeon Crawl Stone Soup version 0.26-a0-606-g3c8f2f6 (webtiles) character file.

Game seed: 15867792872728871309

6398 robertstho the Spear-Bearer (level 10, -2/83 HPs)
             Began as a Merfolk Berserker on Aug 31, 2020.
             Was an Elder of Trog.
             Slain by Grum
             ... wielding a -1 halberd
              (14 damage)
             ... on level 9 of the Dungeon.
             The game lasted 00:11:32 (11305 turns).

robertstho the Spear-Bearer (Merfolk Berserker)    Turns: 11305, Time: 00:11:33

Health: -2/83      AC:  5    Str: 21    XL:     10   Next: 98%
Magic:  10/10      EV: 14    Int:  6    God:    Trog [****..]
Gold:   421        SH:  0    Dex: 14    Spells: 9/9 levels left

rFire    + + .     SeeInvis .   E - +0 spear (flame)
rCold    x . .     Faith    .   (no shield)
rNeg     . . .     Spirit   .   F - +1 leather armour of Mutualism {rPois Slay+3}
rPois    +         Reflect  .   C - +0 helmet
rElec    .         Harm     .   (no cloak)
rCorr    .                      (no gloves)
MR       .....                  (no boots)
Stlth    ++++......             (no amulet)
HPRegen  0.23/turn              b - ring of protection from fire
MPRegen  0.12/turn              B - ring of fire

@: berserk cooldown, slowed, very slow
A: change form in water, swift swim, stealthy swim
a: Berserk, Trog's Hand, Brothers in Arms, Renounce Religion


You were on level 9 of the Dungeon.
You worshipped Trog.
Trog was greatly pleased with you.
You visited 1 branch of the dungeon, and saw 9 of its levels.

You collected 421 gold pieces.

Inventory:

Hand Weapons
 c - a +0 trident
 s - a +0 halberd
 A - the +9 falchion of Profit {holy, *Slow rN+ Str+4}
   (You found it on level 5 of the Dungeon)

   It has been blessed by the Shining One to cause great damage to the undead
   and demons.
   It affects your strength (+4).
   It protects you from negative energy.
   It may slow you when you take damage.
 E - a +0 spear of flaming (weapon)
 H - a +3 scimitar of flaming
Missiles
 u - 14 poisoned darts (quivered)
Armour
 n - a +0 plate armour
 C - a +0 helmet (worn)
 F - the +1 leather armour of Mutualism (worn) {rPois Slay+3}
   (You found it on level 8 of the Dungeon)

   It affects your accuracy and damage with ranged weapons and melee attacks
   (+3).
   It protects you from poison.
Jewellery
 b - a ring of protection from fire (left hand)
 i - an uncursed ring of positive energy
 l - an uncursed ring of magical power
 q - an uncursed ring of magical power
 w - an uncursed ring of poison resistance
 B - a ring of fire (right hand)
 I - an uncursed ring of see invisible
Wands
 y - a wand of acid (7)
 J - a wand of iceblast (13)
Scrolls
 a - 3 scrolls of teleportation
 e - a scroll of blinking {unknown}
 f - 3 scrolls of enchant armour {unknown}
 h - 3 scrolls of immolation {unknown}
 o - 4 scrolls of fog {unknown}
 r - 2 scrolls of enchant weapon {unknown}
 t - a scroll of amnesia {unknown}
 v - 3 scrolls of magic mapping {unknown}
 x - 3 scrolls of remove curse
 G - a scroll of fear
 K - a scroll of identify
Potions
 d - a potion of magic
 g - a potion of haste
 j - 2 potions of flight
 k - 4 potions of curing
 m - 3 potions of resistance
 p - 8 potions of heal wounds
 z - a potion of lignification
 D - a potion of might


   Skills:
 * Level 9.2 Fighting
 + Level 5.8 Long Blades
   Level 2.8(5.5) Axes
 * Level 12.4(12.8) Polearms
 + Level 0.2 Throwing
 + Level 4.5 Armour
 + Level 4.7 Dodging
 * Level 7.9 Stealth


You had 9 spell levels left.
You didn't know any spells.
Your spell library was empty.

Dungeon Overview and Level Annotations

Branches:
Dungeon (9/15)             Temple (0/1) D:4            Lair (0/6) D:9
    Orc: D:9-12

Altars:
Fedhas
Makhleb
Nemelex Xobeh
Zin

Annotations:
D:8 2 transporters
D:9 Grum


Message History

The troll claws your two-headed ogre! The troll claws your two-headed ogre.
The orc warrior throws a boomerang.
The boomerang closely misses you.
The weapon returns to the orc warrior!
Your two-headed ogre barely misses the troll.
Your two-headed ogre hits the troll with a +0 giant club!!
The troll dies!
Trog accepts your kill.
The troll leather armour is intact enough to wear.
Your two-headed ogre hits the orc warrior with a cursed -1 giant club!
Your two-headed ogre hits the orc warrior with a +0 giant club!
The orc warrior dies!
Trog accepts your kill. The wolf bites you.
* * * LOW HITPOINT WARNING * * *
You feel much better. The wolf bites you!
* * * LOW HITPOINT WARNING * * *
The wolf bites you!
* * * LOW HITPOINT WARNING * * *
Grum hits you from afar with a -1 halberd!
You die...

.............# # #######+#
########.....# ##
..#..#..####+####...###.....# .#
.....................#..h...# .#
.....................#......# .#
...............O)...#......#
#######.................)......#
##...##..........hg....##......#
...........##...@##....##......#
...........##....##.....#......#
#>...........###'####...#......#
##...##......#......#...#......#
##...##......#.≈≈≈≈.#...#......#
.............#.≈≈≈≈.#...#......#
.............#.≈≈≈≈.#...#......#
...........###.≈≈≈≈.#...#......#
...........# #.≈≈≈≈.#...#......#


You could see Grum, a wolf and a friendly two-headed ogre (summoned, berserk).

Vanquished Creatures
  Erica (D:8)
  Joseph (D:9)
  2 trolls (D:9)
  2 hippogriffs
  A wyvern (D:8)
  4 fire bats (D:9)
  Menkaure (D:6)
  A hell hound (D:9)
  A black bear (D:8)
  A sky beast (D:8)
  3 wolves (D:9)
  5 ogres
  A phantom (D:6)
  6 centaurs
  2 big kobolds
  6 bullfrogs
  A gnoll sergeant (D:6)
  2 scorpions
  2 howler monkeys (D:6)
  2 centaur zombies
  2 lava snakes (D:9)
  4 orc priests
  2 jellies
  4 hounds
  A gnoll shaman (D:5)
  A bullfrog skeleton (D:4)
  An iguana (D:8)
  A centaur skeleton (D:5)
  7 worker ants
  Natasha (thrice) (D:3)
  7 orc wizards
  2 hound skeletons
  8 gnolls
  A howler monkey skeleton (D:9)
  7 adders
  A shadow imp (D:5)
  5 white imps
  2 ufetubi (D:8)
  An adder zombie (D:6)
  3 adder skeletons
  4 worms
  9 leopard geckos
  25 orcs
  5 bats
  3 giant cockroaches
  4 goblins
  2 hobgoblins (D:1)
  4 jackals (D:1)
  10 kobolds
  4 quokkas
  A ball python (D:6)
  6 frilled lizards
  A giant cockroach zombie (D:3)
  A jackal skeleton (D:5)
  2 rats
  2 fire vortices (D:9)
191 creatures vanquished.

Vanquished Creatures (collateral kills)
  A troll (D:9)
  An orc warrior (D:9)
2 creatures vanquished.

Vanquished Creatures (others)
  A fire vortex (D:9)
  2 fungi (D:5)
  2 plants (D:5)
5 creatures vanquished.

Grand Total: 198 creatures vanquished

Notes
Turn   | Place    | Note
-------+----------+-------------------------------------------
     0 | D:1      | robertstho the Merfolk Berserker began the quest for the
                  | Orb.
     0 | D:1      | Reached XP level 1. HP: 18/18 MP: 1/1
   126 | D:1      | Reached XP level 2. HP: 24/24 MP: 2/2
   702 | D:1      | Reached XP level 3. HP: 30/30 MP: 3/3
  1496 | D:2      | Reached skill level 1 in Polearms
  1657 | D:2      | Found a burning altar of Makhleb.
  1665 | D:2      | Reached skill level 2 in Polearms
  1665 | D:2      | Reached XP level 4. HP: 37/37 MP: 4/4
  2007 | D:3      | Reached skill level 1 in Stealth
  2386 | D:3      | Reached skill level 3 in Polearms
  2386 | D:3      | Reached XP level 5. HP: 28/43 MP: 5/5
  2577 | D:3      | Noticed Natasha
  2591 | D:3      | Killed Natasha
  2593 | D:3      | Reached ** piety under Trog
  2822 | D:3      | Noticed Natasha
  2836 | D:3      | Killed Natasha
  2836 | D:3      | Reached skill level 4 in Polearms
  3002 | D:3      | Noticed Natasha
  3015 | D:3      | Killed Natasha
  3015 | D:3      | Reached XP level 6. HP: 40/49 MP: 6/6
  3563 | D:4      | Found a staircase to the Ecumenical Temple.
  3670 | D:4      | Reached skill level 5 in Polearms
  4100 | D:4      | Reached skill level 5 in Fighting
  4100 | D:4      | Reached XP level 7. HP: 53/56 MP: 7/7
  4150 | D:4      | Reached skill level 6 in Polearms
  4173 | D:4      | Reached *** piety under Trog
  4660 | D:5      | Entered Level 5 of the Dungeon
  4806 | D:5      | Got a bloodstained falchion
  4814 | D:5      | Reached skill level 7 in Polearms
  5164 | D:5      | Found a blossoming altar of Fedhas.
  5622 | D:2      | Identified the +9 falchion of Profit {holy, *Slow rN+
                  | Str+4} (You found it on level 5 of the Dungeon)
  5801 | D:6      | Noticed Menkaure
  5804 | D:6      | Found a glowing silver altar of Zin.
  5805 | D:6      | Killed Menkaure
  5805 | D:6      | Reached skill level 8 in Polearms
  5805 | D:6      | Reached XP level 8. HP: 39/63 MP: 8/8
  6017 | D:6      | Reached skill level 9 in Polearms
  6257 | D:6      | Reached skill level 1 in Long Blades
  6355 | D:6      | Noticed a hippogriff
  6368 | D:6      | Killed a hippogriff
  6386 | D:6      | Reached XP level 9. HP: 19/71 MP: 9/9
  7006 | D:7      | Reached **** piety under Trog
  7009 | D:7      | Reached skill level 10 in Polearms
  7015 | D:7      | Reached skill level 5 in Stealth
  7982 | D:8      | Found a transporter.
  7984 | D:8      | Found the cursed necklace of Bloodlust {*Rage +Rage MR++
                  | Int-3 Slay+6 *Curse}
  7996 | D:8      | Got a steaming leather armour
  8007 | D:8      | Identified the +1 leather armour of Mutualism {rPois
                  | Slay+3} (You found it on level 8 of the Dungeon)
  8172 | D:8      | Noticed Erica
  8184 | D:8      | Killed Erica
  8184 | D:8      | Reached skill level 5 in Long Blades
  8184 | D:8      | Reached XP level 10. HP: 33/80 MP: 10/10
  8827 | D:8      | Found a transporter.
  8876 | D:8      | Reached skill level 11 in Polearms
  9353 | D:8      | Found a sparkling altar of Nemelex Xobeh.
  9428 | D:9      | Noticed Joseph
  9447 | D:9      | Killed Joseph
 10025 | D:9      | Found a staircase to the Lair.
 10479 | D:9      | Reached skill level 12 in Polearms
 10482 | D:9      | HP: 5/123 [fire bat (5)]
 10482 | D:9      | HP: 2/123 [fire bat (3)]
 11267 | D:9      | Noticed Grum
 11305 | D:9      | Slain by Grum

Illustrated notes

Levels and vault maps discovered:
D:1:      nagdon_arrival_double_spiral, layout_loops_corners,
          lemuel_old_faithful
D:2:      layout_loops_ring, grunt_decor_clamped, makhleb_heckhound_becter
D:3:      layout_basic, uniq_natasha
D:4:      layout_gridville, minmay_temple_entry_hall
D:5:      layout_loops_ring, fedhas_altar_3
D:6:      layout_rooms, basic_altar, minmay_manual_mares, uniq_menkaure
D:7:      layout_gridville
D:8:      gammafunk_jiyva_shrine, layout_loops_cross,
          nemelex_diamond_rough_becter, uniq_erica
D:9:      layout_gridville, lair_entry_dummy, hangedman_decor_opposing,
          nrook_pool_corridor, st_stairs_10, hangedman_incinerator, uniq_grum,
          uniq_joseph

Skill      XL: |  1  2  3  4  5  6  7  8  9 10 |
---------------+-------------------------------+-----
Dodging        | 3 4 |  4.7
Fighting       | 4 5 6 7 9 |  9.2
Polearms       | 2 3 4 5 8 9 10 12 | 12.4
Stealth        | 1 2 3 4 6 7 |  7.9
Armour         | 2 3 4 |  4.5
Long Blades    | 3 5 |  5.8
Axes           | |  2.8
Throwing       | |  0.2

Action                   |  1- 3 |  4- 6 |  7- 9 | 10-12 || total
-------------------------+-------+-------+-------+-------++-------
Melee: Hand axe          |    23 |       |       |       ||    23
       Spear             |    67 |   238 |   191 |   243 ||   739
       Falchion          |       |       |   128 |       ||   128
Throw: Dart              |       |     4 |       |       ||     4
Invok: Berserk           |     3 |     4 |     5 |     6 ||    18
       Trog's Hand       |       |     1 |     2 |       ||     3
       Brothers in Arms  |       |       |       |     1 ||     1
  Use: Scroll            |     5 |       |     7 |     1 ||    13
       Potion            |       |       |       |     1 ||     1
 Stab: Sleeping          |     1 |       |       |     5 ||     6
       Distracted        |       |       |       |     1 ||     1
Armor: Animal skin       |     9 |       |       |       ||     9
       Plate armour      |    10 |   106 |   190 |       ||   306
       Leather armour    |     5 |       |     2 |    40 ||    47
Dodge: Dodged            |    51 |    56 |   134 |   126 ||   367
       Rpst.: Falchion   |       |       |    27 |       ||    27

Table legend: (Time is in decaauts)
 A = Elapsed time spent in this place.
 B = Non-inter-level travel time spent in this place.
 C = Inter-level travel time spent in this place.
 D = Time resting spent in this place.
 E = Time spent auto-exploring this place.
 F = Levels seen in this place.
 G = Mean time per level.
                   A        B        C        D        E       F      G
               +--------+--------+--------+--------+--------+-----+--------+
         Total |  11272 |  10718 |    554 |   1639 |   7581 |   9 | 1252.4 |
       Dungeon |  11272 |  10718 |    554 |   1639 |   7581 |   9 | 1252.4 |
               +--------+--------+--------+--------+--------+-----+--------+

Top non-repeatable levels by time:
     D:8: 1839 daAuts
     D:3: 1440 daAuts
     D:9: 1413 daAuts
     D:4: 1388 daAuts
     D:5: 1299 daAuts
     D:1: 1219 daAuts
     D:7: 1092 daAuts
     D:2: 886 daAuts
     D:6: 694 daAuts
